Map: Newkirk Precinct TE (Void)

Players

Railgan - Winner!

  • Race: Zerg Zerg
  • League: Grandmaster
  • Spawn Location: 5:00

May

  • Race: Terran Terran
  • League: Grandmaster
  • Spawn Location: 7:00

VOD

Have the link to the VOD?

Description

Time

  • Played on: Feb. 22, 2017, 4:42 p.m.
  • Length: 4:18
Show
View Real Time Build Order
Export as new Build Order

Railgan Zerg - Winner!

Build Orders: Pool First 

Get SALT Encoding   

  12  0:02  Drone  
  13  0:15  Overlord  
  13  0:18  Drone  
  14  0:33  Drone x2  
  16  0:37  Drone  
  16  0:41  Extractor  
  16  0:51  Spawning Pool  
  16  0:52  Drone  
  16  1:00  Drone  
  17  1:10  Drone  
  18  1:26  Hatchery  
  18  1:28  Drone  
  18  1:31  Drone  
  19  1:43  Metabolic Boost  
  19  1:49  Queen  
  21  1:55  Zergling x2  
  22  2:01  Overlord  
  22  2:10  Roach Warren  
  21  2:15  Drone  
  22  2:38  Overlord  
  22  2:51  Roach x5  
  31  2:58  Roach  
  31  2:59  Roach  
  31  3:02  Zergling x2  
  36  3:06  Zergling x4  
  38  3:13  Zergling x2  
  39  3:20  Zergling x2  
  39  3:21  Zergling x2  
  39  3:22  Ravager  
  39  3:25  Overlord  
  42  3:33  Zergling x2  
  43  3:45  Ravager, Zergling x8  
  43  3:46  Zergling x2  
  49  3:52  Overlord  
Show
View Real Time Build Order
Export as new Build Order

May Terran 

Build Orders: Hellion Opening, Reaper Expand 

Get SALT Encoding   

  12  0:00  SCV  
  13  0:13  SCV  
  14  0:17  Supply Depot  
  14  0:25  SCV  
  15  0:39  SCV  
  15  0:40  Barracks  
  16  0:44  Refinery  
  16  0:51  SCV  
  17  1:03  SCV  
  18  1:15  SCV  
  19  1:27  Reaper, Orbital Command  
  20  1:43  Command Center  
  20  1:53  SCV  
  21  1:55  Supply Depot  
  21  1:59  Marine  
  22  2:06  SCV  
  23  2:13  Factory  
  23  2:17  Refinery  
  23  2:18  SCV  
  23  2:21  Barracks Reactor  
  24  2:30  SCV  
  25  2:42  SCV  
  26  2:55  SCV  
  27  3:02  Starport  
  27  3:06  Orbital Command  
  27  3:08  Hellion  
  27  3:09  Hellion  
  27  3:10  Barracks Tech Lab  
  31  3:13  SCV  
  32  3:26  SCV  
  33  3:31  Hellion x2  
  33  3:32  SCV  
  38  3:38  SCV  
  39  3:45  Supply Depot  
  40  3:48  SCV  
  40  3:50  SCV  
  40  3:54  Hellion x2  
Tags
 
Add a new tag
Caveats
  • Supply blocks, unpowered buildings, or Contaminate may cause inaccurate times.
  • Supply counts are checked every 10 seconds.